 Dungeon Crawl Stone Soup version 0.30-a0-879-ga8ba668 (webtiles) character file.

Game seed: 771702783207674712

1064 Illumine the Magician (level 8, -3/58 HPs)
             Began as a Gnoll Hedge Wizard on Mar 13, 2023.
             Slain by Crazy Yiuf
             ... wielding a +3 quarterstaff of chaos
              (14 damage)
             ... on level 4 of the Dungeon.
             The game lasted 00:13:23 (5208 turns).

Illumine the Magician (Gnoll Hedge Wizard)          Turns: 5208, Time: 00:13:24

Health: -3/58      AC:  3    Str: 10    XL:     8   Next: 27%
Magic:  18/28      EV: 13    Int: 16    God:
Gold:   252        SH:  0    Dex: 11    Spells: 6/22 levels left

rFire   + . .      SeeInvis .    b - +1 hand axe (elec)
rCold   . . .      Faith    .    (no shield)
rNeg    . . .      Spirit   .    r - +1 robe {rF+}
rPois   .          Reflect  .    c - +0 hat
rElec   .          Rampage  .    (no cloak)
rCorr   .                        (no gloves)
Will    .....                    (no boots)
Stlth   +++                      I - amulet of magic regeneration
HPRegen 0.29/turn                i - +4 ring of slaying
MPRegen 0.61/turn                F - ring of magical power

@: lethally poisoned (-3 -> -7)
A: fangs 1, strong nose, distributed training
a: no special abilities


You were on level 4 of the Dungeon.
You visited 2 branches of the dungeon, and saw 8 of its levels.
You also visited: Ossuary.

You collected 370 gold pieces.
You spent 118 gold pieces at shops.

Inventory:

Hand Weapons
 a - a +0 dagger
 b - a +1 hand axe of electrocution (weapon)
 j - a +0 broad axe
Missiles
 m - 14 poisoned darts
Armour
 c - a +0 hat (worn)
 r - a +1 robe of fire resistance (worn)
Jewellery
 i - a +4 ring of slaying (left hand)
 w - a +6 ring of dexterity
 A - an amulet of faith
 F - a ring of magical power (right hand)
 I - an amulet of magic regeneration (around neck)
Wands
 u - a wand of flame (14)
Scrolls
 e - 2 scrolls of enchant weapon
 f - a scroll of enchant armour {unknown}
 h - 2 scrolls of poison {unknown}
 l - a scroll of vulnerability {unknown}
 n - a scroll of silence {unknown}
 o - 2 scrolls of fog {unknown}
 p - 2 scrolls of blinking {unknown}
 y - a scroll of immolation {unknown}
 B - a scroll of noise {unknown}
 C - a scroll of amnesia {unknown}
 E - 4 scrolls of teleportation {unknown}
Potions
 d - a potion of magic
 g - a potion of attraction
 k - 2 potions of might
 q - a potion of brilliance
 s - 3 potions of curing
 t - a potion of lignification {unknown}
 v - a potion of flight {unknown}
 x - 2 potions of mutation
 z - a potion of haste {unknown}
 D - a potion of invisibility {unknown}
 G - a potion of cancellation {unknown}
 H - a potion of heal wounds {unknown}


   Skills:
 + Level 3.2 Fighting
 + Level 3.2 Short Blades
 + Level 3.2 Long Blades
 + Level 3.2 Axes
 + Level 3.2 Maces & Flails
 + Level 3.2 Polearms
 + Level 3.2 Staves
 + Level 3.2 Ranged Weapons
 + Level 3.2 Throwing
 + Level 3.2 Armour
 + Level 5.6 Dodging
 + Level 5.3 Stealth
 + Level 3.2 Shields
 + Level 3.2 Unarmed Combat
 + Level 7.9 Spellcasting
 + Level 3.4 Conjurations
 + Level 2.6 Hexes
 + Level 3.4 Summonings
 + Level 2.6 Necromancy
 + Level 3.4 Translocations
 + Level 2.6 Transmutations
 + Level 2.6 Fire Magic
 + Level 2.6 Ice Magic
 + Level 2.6 Air Magic
 + Level 2.6 Earth Magic
 + Level 2.6 Poison Magic
 + Level 3.5 Invocations
 + Level 3.2 Evocations


You had 6 spell levels left.
You knew the following spells:

 Your Spells              Type           Power      Damage    Failure   Level
a - Magic Dart            Conj           68%        1d6       2%          1
b - Call Imp              Summ           17%        N/A       4%          2
c - Blink                 Tloc           34%        N/A       4%          2
d - Cigotuvi's Dreadful   Necr/Pois/Air  28%        N/A       6%          2
e - Mephitic Cloud        Conj/Pois/Air  15%        N/A       11%         3
f - Kindle Blastsparks    Fire/Tloc/Air  30%        2d12      11%         3
g - Ignite Poison         Fire/Tmut/Pois 14%        N/A       12%         3

Your spell library contained the following spells:

 Spells                   Type           Power      Damage    Failure   Level
 Slow                     Hex            56%        N/A       3%          1
 Inner Flame              Hex/Fire       14%        N/A       12%         3
 Flame Wave               Conj/Fire      16%        2d7       32%         4
 Sticky Flame             Conj/Fire      16%        2d4       32%         4
 Freezing Cloud           Conj/Ice/Air   7%         6-21      67%         5


Dungeon Overview and Level Annotations

Branches:
Dungeon (7/15)             Temple (1/1) D:6         Ossuary (visited)

Altars:
Dithmenos
Elyvilon
Fedhas
Hepliaklqana
Kikubaaqudgha
Nemelex Xobeh
Qazlal
Ru
Sif Muna
Trog
Uskayaw
Vehumet
Wu Jian
Xom
Zin
The Shining One

Shops:
D:2 *   D:4 :

Annotations:
D:4 Crazy Yiuf


Innate Abilities, Weirdness & Mutations

You have very sharp teeth.
Your uncanny sense of smell can sniff out nearby items.
Your experience applies equally to all skills.


Message History

The ball explodes into a vile cloud!
The stinking cloud engulfs Crazy Yiuf but does no damage.
Crazy Yiuf is engulfed in noxious fumes.
Crazy Yiuf appears confused.
Crazy Yiuf hits you with a +3 quarterstaff of chaos!
You are poisoned.
You feel very sick.
Crazy Yiuf is engulfed in noxious fumes.
Crazy Yiuf appears confused.
Casting: Mephitic Cloud (dangerous; 11% risk of failure)
Confirm with . or Enter, or press ? or * to list all spells.
Okay, then.
Casting: Mephitic Cloud (dangerous; 11% risk of failure)
Confirm with . or Enter, or press ? or * to list all spells.
Aiming: Mephitic Cloud (dangerous; 11% risk of failure)
Press: ? - help, Shift-Dir - straight line, f - Crazy Yiuf
Aim: Crazy Yiuf, wielding a +3 quarterstaff of chaos and wearing a +1 cloak of willpower (confused, chance to affect: 86%)
The ball explodes into a vile cloud!
The stinking cloud engulfs Crazy Yiuf but does no damage.
You feel very sick.
Crazy Yiuf is engulfed in noxious fumes.
Crazy Yiuf appears confused.
Casting: Mephitic Cloud (dangerous; 11% risk of failure)
Confirm with . or Enter, or press ? or * to list all spells.
Okay, then.
Casting: Mephitic Cloud (dangerous; 11% risk of failure)
Confirm with . or Enter, or press ? or * to list all spells.
You ignite the poison in your surroundings!
You feel sick.
Crazy Yiuf is engulfed in blazing flames.
Unknown command.
You barely miss Crazy Yiuf.
Crazy Yiuf is severely wounded.
You feel sick. Crazy Yiuf closely misses you.
Your magical contamination has completely faded away.
You hit Crazy Yiuf but do no damage.
Crazy Yiuf is severely wounded.
You feel sick.
Crazy Yiuf hits you with a +3 quarterstaff of chaos!
You die...

...).........#.##.########
....)........#.#.........#
....)........#..##########
.....).......####
....[).......#
.............####### ###
............###..#○## ###..)#
....................####.'...#
................@°○.°#..##...#
......####......g#○.#.### ###
.....^###..##...#######
......##..###...#
......##.####...#
......##.......##
.....##..#####.# .....#...#
### ###......#


You could see Crazy Yiuf (confused).

Vanquished Creatures
  Sigmund (D:2)
  A wraith (Ossuary)
  A black bear (D:4)
  A centaur (D:5)
  A howler monkey (D:6)
  2 orc priests (D:3)
  A human zombie (Ossuary)
  A jelly (D:4)
  2 sleepcaps
  Natasha (D:3)
  An iguana (D:5)
  Terence (D:3)
  3 mummies (Ossuary)
  2 adders (D:2)
  3 gnolls (D:5)
  A white imp (D:6)
  A worm zombie (D:4)
  A dart slug (D:3)
  6 orcs
  5 endoplasms
  7 giant cockroaches
  6 hobgoblins
  2 jackals
  3 kobolds
  3 quokkas (D:2)
  6 ball pythons
  3 bats
  A frilled lizard (D:1)
  8 goblins
  2 goblin zombies (Ossuary)
  A hobgoblin zombie (Ossuary)
  3 kobold zombies (Ossuary)
  3 rats
84 creatures vanquished.

Vanquished Creatures (collateral kills)
  A howler monkey (D:4)
  An orc priest (D:4)
  Natasha (twice) (D:3)
  A gnoll (D:5)
  4 orcs
  An endoplasm (D:2)
  A goblin (D:2)
  2 hobgoblins
  A kobold (D:2)
  A ball python (D:2)
  A frilled lizard (D:2)
  A rat (D:1)
17 creatures vanquished.

Vanquished Creatures (others)
  A plant (D:1)
1 creature vanquished.

Grand Total: 102 creatures vanquished

Notes
Turn   | Place    | Note
-------+----------+-------------------------------------------
     0 | D:1      | Illumine the Gnoll Hedge Wizard began the quest for the
                  | Orb.
     0 | D:1      | Reached XP level 1. HP: 13/13 MP: 8/8
   254 | D:1      | Reached XP level 2. HP: 14/19 MP: 1/10
   257 | D:1      | Learned a level 2 spell: Blink
   260 | D:1      | Learned a level 2 spell: Call Imp
  1106 | D:2      | Reached XP level 3. HP: 24/25 MP: 3/11
  1114 | D:2      | Learned a level 2 spell: Cigotuvi's Dreadful Rot
  1118 | D:2      | Learned a level 3 spell: Mephitic Cloud
  1191 | D:2      | Found a shimmering blue altar of Sif Muna.
  1223 | D:2      | Reached skill level 1 in Invocations
  1430 | D:2      | Found Ubly's Assorted Antiques.
  1472 | D:2      | Reached skill level 1 in Fighting
  1472 | D:2      | Reached skill level 1 in Short Blades
  1472 | D:2      | Reached skill level 1 in Long Blades
  1472 | D:2      | Reached skill level 1 in Axes
  1472 | D:2      | Reached skill level 1 in Maces & Flails
  1472 | D:2      | Reached skill level 1 in Polearms
  1472 | D:2      | Reached skill level 1 in Staves
  1472 | D:2      | Reached skill level 1 in Ranged Weapons
  1472 | D:2      | Reached skill level 1 in Throwing
  1472 | D:2      | Reached skill level 1 in Armour
  1472 | D:2      | Reached skill level 1 in Shields
  1472 | D:2      | Reached skill level 1 in Unarmed Combat
  1472 | D:2      | Reached skill level 1 in Evocations
  1622 | D:2      | Bought a runed robe for 118 gold pieces
  1744 | D:2      | Reached XP level 4. HP: 31/31 MP: 10/13
  1875 | D:2      | Found a faded altar of an unknown god.
  2015 | D:2      | Learned a level 3 spell: Kindle Blastsparks
  2019 | D:2      | Learned a level 3 spell: Ignite Poison
  2044 | D:3      | Found a radiant altar of Vehumet.
  2047 | D:3      | Noticed Terence
  2075 | D:3      | Noticed Sigmund
  2091 | D:2      | Killed Sigmund
  2092 | D:2      | Reached skill level 1 in Hexes
  2092 | D:2      | Reached skill level 1 in Necromancy
  2092 | D:2      | Reached skill level 1 in Transmutations
  2092 | D:2      | Reached skill level 1 in Fire Magic
  2092 | D:2      | Reached skill level 1 in Ice Magic
  2092 | D:2      | Reached skill level 1 in Air Magic
  2092 | D:2      | Reached skill level 1 in Earth Magic
  2092 | D:2      | Reached skill level 1 in Poison Magic
  2092 | D:2      | Reached XP level 5. HP: 10/38 MP: 14/14
  2092 | D:2      | Reached XP level 6. HP: 11/44 MP: 16/16
  2235 | D:3      | Noticed Natasha
  2241 | D:3      | Killed Natasha
  2242 | D:3      | Reached skill level 5 in Dodging
  2272 | D:3      | Noticed Natasha
  2284 | D:3      | Killed Natasha
  2535 | D:3      | Noticed Natasha
  2541 | D:3      | Killed Natasha
  2565 | D:3      | Killed Terence
  2896 | D:4      | Found Uwnaxzuco's Book Emporium.
  3274 | D:4      | Reached XP level 7. HP: 51/51 MP: 13/18
  3397 | D:4      | Found a sand-covered staircase.
  3406 | Ossuary  | Entered an ossuary
  3406 | Ossuary  | Noticed a wraith
  3406 | Ossuary  | Noticed a wraith
  3406 | Ossuary  | Noticed a wraith
  3492 | Ossuary  | Noticed a wraith
  3508 | Ossuary  | Killed a wraith
  3509 | Ossuary  | Reached skill level 5 in Stealth
  4318 | D:4      | You fall into a shaft and drop 3 floors!
  4402 | D:6      | Found a staircase to the Ecumenical Temple.
  4410 | D:6      | Reached XP level 8. HP: 51/58 MP: 19/19
  4428 | Temple   | Entered the Ecumenical Temple
  4783 | D:5      | Entered Level 5 of the Dungeon
  5188 | D:4      | Found a runed translucent door.
  5189 | D:4      | Noticed Crazy Yiuf
  5208 | D:4      | Slain by Crazy Yiuf

Illustrated notes

Levels and vault maps discovered:
D:1:      sevenhm_arrival_forest_fort_large_4, layout_rooms, serial_bayou,
          serial_bayou_shore_a, serial_bayou_pond_c, serial_bayou_crossing,
          serial_bayou_pond_d, serial_bayou_pond_e, serial_bayou_ford_a,
          minmay_cut_off
D:2:      layout_rooms, dreamdust_ecumenical_altar_angels_and_demons,
          basic_altar, serial_shops, shop, minmay_pentomino_pile
D:3:      layout_rooms, vehumet_altar_wand_db, uniq_sigmund, uniq_natasha,
          uniq_terence
D:4:      layout_rooms, enter_ossuary_3, serial_shops, shop,
          kennysheep_big_empty_room, uniq_crazy_yiuf_cottage
D:5:      layout_basic, serial_shops, nicolae_shop_hallway_stairs
D:6:      layout_loops_ring, nicolae_gozag_cash_rules_everything_around_me,
          grunt_ashenzari_visionary [grunt_ashenzari_visionary_swamp,
          grunt_ashenzari_visionary_snake], minmay_temple_entry_offerings,
          ebering_dispersal_statue_hall, kennysheep_pointless_box, uniq_edmund
D:7:      layout_gridville, nicolae_yredelemnul_corpse_copse
Temple:   bh_familiar_temple

Skill      XL: |  1  2  3  4  5  6  7 |
---------------+----------------------+-----
Conjurations   | 2 3 |  3.4
Summonings     | 2 3 |  3.4
Translocations | 2 3 |  3.4
Invocations    | 1 2 3 |  3.5
Fighting       | 1 2 3 |  3.2
Short Blades   | 1 2 3 |  3.2
Long Blades    | 1 2 3 |  3.2
Axes           | 1 2 3 |  3.2
Maces & Flails | 1 2 3 |  3.2
Polearms       | 1 2 3 |  3.2
Staves         | 1 2 3 |  3.2
Ranged Weapons | 1 2 3 |  3.2
Throwing       | 1 2 3 |  3.2
Armour         | 1 2 3 |  3.2
Shields        | 1 2 3 |  3.2
Unarmed Combat | 1 2 3 |  3.2
Evocations     | 1 2 3 |  3.2
Hexes          | 1 2 |  2.6
Necromancy     | 1 2 |  2.6
Transmutations | 1 2 |  2.6
Fire Magic     | 1 2 |  2.6
Ice Magic      | 1 2 |  2.6
Air Magic      | 1 2 |  2.6
Earth Magic    | 1 2 |  2.6
Poison Magic   | 1 2 |  2.6
Dodging        | 5 |  5.6
Stealth        | 5 |  5.3
Spellcasting   | |  7.9

Action                     |  1- 3 |  4- 6 |  7- 9 || total
---------------------------+-------+-------+-------++-------
  Melee: Dagger            |     5 |    11 |       ||    16
         Bite              |     1 |     1 |    10 ||    12
         Punch             |       |     1 |       ||     1
         Broad axe         |       |    18 |    39 ||    57
         Hand axe          |       |       |    27 ||    27
   Cast: Magic Dart        |    75 |    68 |     2 ||   145
         Call Imp          |     8 |     9 |     9 ||    26
         Blink             |     1 |       |       ||     1
         Cigotuvi's Dreadf |     1 |       |       ||     1
         Mephitic Cloud    |       |     2 |    11 ||    13
         Kindle Blastspark |       |       |     9 ||     9
         Ignite Poison     |       |       |     2 ||     2
  Evoke: Wand              |       |       |     3 ||     3
    Use: Potion            |       |     3 |       ||     3
         Scroll            |       |     3 |     5 ||     8
   Stab: Sleeping          |       |     1 |     2 ||     3
         Confused          |       |       |     1 ||     1
 Armour: Robe              |     3 |     6 |    10 ||    19
  Dodge: Dodged            |    13 |    22 |    48 ||    83

Table legend: (Time is in decaauts)
 A = Elapsed time spent in this place.
 B = Non-inter-level travel time spent in this place.
 C = Inter-level travel time spent in this place.
 D = Time resting spent in this place.
 E = Time spent auto-exploring this place.
 F = Levels seen in this place.
 G = Mean time per level.
                   A        B        C        D        E       F      G
               +--------+--------+--------+--------+--------+-----+--------+
         Total |   5280 |   5154 |    126 |    907 |   3146 |   9 |  586.7 |
       Dungeon |   4511 |   4397 |    114 |    802 |   2639 |   7 |  644.4 |
        Temple |    206 |    194 |     12 |      0 |    191 |   1 |  206.0 |
       Ossuary |    562 |    562 |      0 |    105 |    316 |   1 |  562.0 |
               +--------+--------+--------+--------+--------+-----+--------+

Top non-repeatable levels by time:
     D:2: 1173 daAuts
     D:1: 1124 daAuts
     D:3: 993 daAuts
     D:4: 612 daAuts
 Ossuary: 562 daAuts
     D:5: 346 daAuts
     D:6: 218 daAuts
  Temple: 206 daAuts
     D:7: 42 daAuts
